 Dungeon Crawl Stone Soup version 0.21-a0-193-g085b6a0 (webtiles) character file.

11327 qqqbard the Basher (level 11, -5/69 HPs)
             Began as a Gargoyle Fighter on Aug 14, 2017.
             Was a Believer of the Shining One.
             Slain by Urug
             ... wielding a +3 battleaxe of freezing
              (24 damage)
             ... on level 10 of the Dungeon.
             The game lasted 00:13:13 (8160 turns).

qqqbard the Basher (Gargoyle Fighter)               Turns: 8160, Time: 00:13:14

Health: -5/69      AC: 18    Str: 21    XL:     11   Next: 76%
Magic:  11/11      EV: 13    Int:  8    God:    the Shining One [**....]
Gold:   432        SH: 11    Dex: 12    Spells: 10/10 levels left

rFire    . . .     SeeInvis +   B - +2 whip (freeze)
rCold    . . .     Gourm    .   c - +0 shield
rNeg     + + .     Faith    .   C - +0 troll leather armour
rPois    ∞         Spirit   .   (no helmet)
rElec    +         Reflect  .   (no cloak)
rCorr    .         Harm     .   (no gloves)
MR       .....                  D - +1 pair of boots
Stlth    +.........             (no amulet)
HPRegen  0.61/turn              o - +3 ring of protection
MPRegen  0.12/turn              F - ring of see invisible

@: glowing
A: negative energy resistance 1, electricity resistance, unbreathing,
petrification resistance, rot immunity, AC +7
a: Divine Shield, Renounce Religion


You were on level 10 of the Dungeon.
You worshipped the Shining One.
The Shining One was pleased with you.
You were not hungry.

You visited 2 branches of the dungeon, and saw 11 of its levels.

You collected 432 gold pieces.

Inventory:

Hand Weapons
 B - a +2 whip of freezing (weapon)
 E - the +0 morningstar "Ox" {crush, rC++ Stlth-}
   (You found it on level 6 of the Dungeon)

   It inflicts extra damage upon your enemies.
   It greatly protects you from cold.
   It makes you less stealthy.
 K - a +1 eveningstar of holy wrath
Armour
 c - a +0 shield (worn)
 C - a +0 troll leather armour (worn)
 D - a +1 pair of boots (worn)
Jewellery
 o - a +3 ring of protection (left hand)
 F - a ring of see invisible (right hand)
Wands
 b - a wand of confusion (35/48)
 h - a wand of polymorph (15/24)
 G - a wand of scattershot (1/9)
 I - a wand of polymorph (11/24)
Scrolls
 i - 3 scrolls of immolation
 k - 2 scrolls of fear {unknown}
 l - 9 scrolls of identify
 n - 3 scrolls of teleportation {unknown}
 p - 3 scrolls of random uselessness {unknown}
 q - a scroll of enchant armour {unknown}
 r - 2 scrolls of acquirement
 t - 2 scrolls of remove curse
 v - 2 scrolls of amnesia {unknown}
 x - 4 scrolls of fog {unknown}
 y - a scroll of holy word {unknown}
 J - a scroll of enchant weapon {unknown}
Potions
 a - a potion of agility {unknown}
 e - 2 potions of haste {unknown}
 j - 2 potions of degeneration {unknown}
 s - 2 potions of curing
 u - a potion of flight {unknown}
 w - 2 potions of brilliance {unknown}
 z - a potion of invisibility {unknown}
 A - a potion of berserk rage {unknown}
Comestibles
 d - 10 chunks of flesh
 f - 6 bread rations
 g - 5 fruits
 m - 8 royal jellies
 H - 2 meat rations


   Skills:
 + Level 8.8 Fighting
 * Level 11.0 Maces & Flails
 + Level 9.0 Armour
 + Level 6.0 Dodging
 + Level 8.7 Shields


You had 10 spell levels left.
You didn't know any spells.

Dungeon Overview and Level Annotations

Branches:
Dungeon (10/15)            Temple (1/1) D:4
   Lair: D:8-11         Orc: D:9-12

Altars:
Ashenzari
Cheibriados
Dithmenos
Elyvilon
Fedhas
Gozag
Hepliaklqana
Kikubaaqudgha
Makhleb
Nemelex Xobeh
Okawaru
Qazlal
Ru
Sif Muna
Trog
Uskayaw
Vehumet
Wu Jian
Xom
Yredelemnul
Zin
The Shining One

Shops:
D:8 [

Annotations:
D:10 Urug


Innate Abilities, Weirdness & Mutations

You are resistant to torment.
Your stone body is resilient. (AC +7)
You are immune to poison.
You resist negative energy. (rN+)
You are resistant to electric shocks. (rElec)
You can survive without breathing.
You are immune to petrification.
You are immune to rotting.


Message History

You feel better.
You feel better.
Urug hits you with a battleaxe of freezing!
Urug freezes you.
You hit Urug but do no damage.
Urug is lightly wounded.
Urug hits you with a battleaxe of freezing.
* * * LOW HITPOINT WARNING * * *
Urug freezes you.
* * * LOW HITPOINT WARNING * * *
As you read the scroll labeled YMOAPP MIRO, it crumbles to dust.
This is a scroll of acquirement! [a] Weapon [b] Armour [c] Jewellery [d] Book [e] Staff [f] Evocables [g] Food [h] Gold What kind of item would you like to acquire? (\ to view known items)
Something appears at your feet!
K - a runed eveningstar Urug screams, "Damn your eyes!"
Urug hits you with a battleaxe of freezing!!
You die...

################
...............#
...............#
).......######.#
...o...........#
..%...†(Y......#
........##o###.#
.######.#@)..#.#
#.#....#.#
..#....#.#
...#....#.#
...#....#.#
...######.#
..........#
..........#
..........#


You could see Urug.

Vanquished Creatures
  Josephine (D:10)
  Erolcha (D:9)
  3 two-headed ogres
  The ghost of terra52 the Skirmisher, a novice DsGl of Gozag (D:7)
  Pikel (D:5)
  A queen bee (D:9)
  2 trolls (D:9)
  The ghost of arson the Skirmisher, an amateur TrMo (D:3)
  3 wraiths (D:10)
  5 yaks
  2 hungry ghosts
  2 sky beasts
  3 ice beasts
  2 orc warriors
  A phantom (D:8)
  4 ogres
  3 centaurs
  7 bullfrogs
  2 scorpions
  29 killer bees
  3 howler monkeys
  4 crimson imps
  2 bullfrog zombies
  3 jellies
  3 hounds
  8 orc priests
  9 orc wizards
  A bullfrog skeleton (D:8)
  2 centaur skeletons
  9 worker ants
  3 iguanas
  3 worker ant zombies
  4 gnolls (D:5)
  12 adders
  2 shadow imps
  3 oozes
  2 adder zombies (D:8)
  3 worms (D:2)
  A dart slug (D:2)
  A leopard gecko (D:6)
  25 orcs
  2 ball pythons
  8 giant cockroaches
  2 gnoll zombies (D:3)
  6 hobgoblins
  10 jackals
  6 kobolds
  4 quokkas
  9 bats
  2 frilled lizards
  6 goblins
  A quokka skeleton (D:7)
  2 quokka zombies
  15 rats
250 creatures vanquished.

Vanquished Creatures (others)
  An ice beast (D:5)
  2 slaves (D:5)
  An adder (D:5)
  3 gnolls (D:5)
7 creatures vanquished.

Grand Total: 257 creatures vanquished

Notes
Turn   | Place    | Note
-------+----------+-------------------------------------------
     0 | D:1      | qqqbard the Gargoyle Fighter began the quest for the Orb.
     0 | D:1      | Reached XP level 1. HP: 14/14 MP: 1/1
   213 | D:1      | Reached XP level 2. HP: 19/19 MP: 2/2
   432 | D:1      | Reached XP level 3. HP: 23/23 MP: 3/3
  1289 | D:2      | Reached skill level 3 in Maces & Flails
  1289 | D:2      | Reached skill level 1 in Dodging
  1289 | D:2      | Reached XP level 4. HP: 23/28 MP: 4/4
  1571 | D:2      | Noticed a moth of wrath
  1574 | D:2      | Found a bloodstained altar of Trog.
  1744 | D:3      | Noticed arson's ghost (amateur TrMo)
  1753 | D:3      | Killed arson's ghost
  1753 | D:3      | Reached XP level 5. HP: 18/33 MP: 5/5
  1753 | D:3      | Reached XP level 6. HP: 21/38 MP: 6/6
  1896 | D:3      | Reached skill level 4 in Maces & Flails
  2124 | D:3      | Found a basalt altar of Yredelemnul.
  2316 | D:3      | Found a hazy altar of Hepliaklqana.
  2803 | D:4      | Found a glowing silver altar of Zin.
  2847 | D:4      | Found an ancient bone altar of Kikubaaqudgha.
  2959 | D:4      | Found a staircase to the Ecumenical Temple.
  2969 | Temple   | Entered the Ecumenical Temple
  3210 | Temple   | Became a worshipper of Elyvilon the Healer
  3375 | D:5      | Entered Level 5 of the Dungeon
  3379 | D:5      | Noticed a sky beast
  3446 | D:5      | Killed a sky beast
  3446 | D:5      | Reached XP level 7. HP: 19/44 MP: 7/7
  3534 | D:5      | Found an ornate altar of the Wu Jian Council.
  3538 | D:5      | Found a bloodstained altar of Trog.
  3541 | D:5      | Found an iron altar of Okawaru.
  3590 | D:5      | Noticed Pikel
  3617 | D:5      | Killed Pikel
  3617 | D:5      | Reached skill level 5 in Fighting
  3617 | D:5      | Reached skill level 5 in Maces & Flails
  3617 | D:5      | Reached skill level 5 in Armour
  3617 | D:5      | Reached skill level 5 in Shields
  3617 | D:5      | Reached XP level 8. HP: 18/49 MP: 8/8
  4020 | D:5      | Reached * piety under Elyvilon
  4071 | D:5      | Reached skill level 6 in Maces & Flails
  4209 | D:5      | Elyvilon protects you from harm!
  4836 | D:6      | Reached XP level 9. HP: 49/55 MP: 9/9
  4970 | D:6      | Reached skill level 7 in Maces & Flails
  5223 | D:6      | Got a warped morningstar
  5224 | D:6      | Identified the cursed +0 morningstar "Ox" {crush, rC++ Stlth-} (You found it on level 6 of the Dungeon)
  5395 | D:7      | Noticed terra52's ghost (novice DsGl)
  5429 | D:7      | Killed terra52's ghost
  5429 | D:7      | Reached skill level 8 in Maces & Flails
  5472 | D:7      | Reached ** piety under Elyvilon
  5716 | D:7      | Reached XP level 10. HP: 61/61 MP: 10/10
  6330 | D:8      | Found a glowing golden altar of the Shining One.
  6332 | D:8      | Found a sparkling altar of Nemelex Xobeh.
  6339 | D:8      | Fell from the grace of Elyvilon
  6339 | D:8      | Became a worshipper of the Shining One
  6375 | D:8      | Found Benwioth's Antique Armour Shoppe.
  6405 | D:8      | Reached * piety under the Shining One
  6421 | D:8      | Reached skill level 9 in Maces & Flails
  6613 | D:8      | Noticed a two-headed ogre
  6618 | D:8      | Killed a two-headed ogre
  6805 | D:8      | Reached skill level 5 in Dodging
  7164 | D:9      | Noticed a two-headed ogre
  7203 | D:9      | Killed a two-headed ogre
  7203 | D:9      | Reached skill level 10 in Maces & Flails
  7203 | D:9      | Reached XP level 11. HP: 18/68 MP: 11/11
  7795 | D:10     | Entered Level 10 of the Dungeon
  7822 | D:10     | Noticed Josephine
  7826 | D:10     | Reached ** piety under the Shining One
  7841 | D:10     | Killed Josephine
  7880 | D:10     | Noticed Erolcha
  7907 | D:9      | Paralysed by Erolcha for 3 turns
  7918 | D:9      | Paralysed by Erolcha for 6 turns
  7931 | D:9      | Killed Erolcha
  8079 | D:10     | Noticed a two-headed ogre
  8095 | D:10     | Killed a two-headed ogre
  8126 | D:10     | Noticed Urug
  8150 | D:10     | Reached skill level 11 in Maces & Flails
  8159 | D:10     | Identified 3 scrolls of acquirement
  8160 | D:10     | Slain by Urug

Vault maps used:
D:1:      erik_arrival_triangle_small
D:2:      serial_bayou, serial_bayou_pond_e, serial_bayou_ford_a,
          serial_bayou_pond_e, serial_bayou_lake_a, tgw_trog
D:3:      lemuel_zombie_altar_yredelemnul, lemuel_round_altar
D:4:      lemuel_doored_altar, overflow_temple_1_default,
          minmay_temple_entry_overgrown
D:5:      minmay_overflow_temple_star_quad, first_bread, minmay_misc_feat_cross,
          kennysheep_generic_room_14, uniq_pikel
D:8:      chequers_temple_overflow_statue_of_worship, serial_shops,
          nicolae_shop_statue_plus
D:9:      grunt_ministairs_12, david_nohive_1
D:10:     eino_tiny_chamber, nrook_mini_vaults, fedhas_altar_4, uniq_josephine,
          uniq_urug, uniq_erolcha
Temple:   nicolae_temple_figure_eight

Skill      XL: |  1  2  3  4  5  6  7  8  9 10 11 |
---------------+----------------------------------+-----
Maces & Flails | 3 4 5 6 8 10 11 | 11.0
Dodging        | 1 2 3 4 5 6 |  6.0
Shields        | 4 5 6 7 8 |  8.7
Fighting       | 4 5 6 8 |  8.8
Armour         | 4 5 6 8 9 |  9.0

Action                   |  1- 3 |  4- 6 |  7- 9 | 10-12 || total
-------------------------+-------+-------+-------+-------++-------
Melee: Flail             |   193 |   248 |    27 |       ||   468
       Whip              |       |       |   247 |   191 ||   438
       Morningstar       |       |       |   100 |   300 ||   400
Invok: Lesser Healing    |       |       |       |    16 ||    16
       Divine Shield     |       |       |       |     1 ||     1
  Use: Potion            |       |     1 |     4 |     6 ||    11
       Scroll            |       |       |       |     4 ||     4
  Eat: Chunk             |     2 |     5 |     5 |    12 ||    24
       Meat ration       |       |       |     1 |       ||     1
       Royal jelly       |       |       |       |     1 ||     1
Armor: Scale mail        |   115 |   147 |   155 |   262 ||   679
       Troll leather arm |       |       |       |    74 ||    74
Dodge: Dodged            |    67 |    83 |   104 |   364 ||   618
Block: Shield            |   107 |   105 |   184 |   466 ||   862
